 Dungeon Crawl Stone Soup version 0.22.1-6-g1668fe2c40 (webtiles) character file.

23400 Kohma the Cleaver (level 12, 0/87 HPs)
             Began as a Demonspawn Berserker on Jan 21, 2019.
             Was a High Priest of Trog.
             Slain by a spiny frog (6 damage)
             ... on level 1 of the Lair of Beasts.
             The game lasted 00:57:45 (13155 turns).

Kohma the Cleaver (Demonspawn Berserker)           Turns: 13155, Time: 00:57:46

Health: 0/87       AC: 26    Str: 20    XL:     12   Next: 71%
Magic:  12/12      EV:  9    Int:  8    God:    Trog [*****.]
Gold:   652        SH:  0    Dex: 16    Spells: 11/11 levels left

rFire    + . .     SeeInvis .   Y - +5 battleaxe (flame)
rCold    . . .     Gourm    .   (shield currently unavailable)
rNeg     + . .     Faith    .   o - +4 chain mail {rF+}
rPois    +         Spirit   .   u - +0 helmet
rElec    .         Reflect  .   P - +0 cloak
rCorr    .         Harm     .   l - +2 pair of gloves
MR       .....                  (no boots)
Stlth    ..........             (no amulet)
HPRegen  0.24/turn              k - ring of poison resistance
MPRegen  0.13/turn              O - ring of positive energy

@: no status effects
A: talons 1, iridescent scales 2, demonic guardian 1, frail 1, powered by pain 1
a: Berserk, Trog's Hand, Brothers in Arms, Renounce Religion


You were on level 1 of the Lair of Beasts.
You worshipped Trog.
Trog was extremely pleased with you.
You were not hungry.

You visited 4 branches of the dungeon, and saw 16 of its levels.
You also visited: Volcano.

You collected 1193 gold pieces.
You spent 541 gold pieces at shops.

Inventory:

Hand Weapons
 Y - a +5 battleaxe of flaming (weapon)
Missiles
 e - 8 curare-tipped needles
 i - 240 stones (quivered)
 m - 75 poisoned needles
 x - 3 needles of confusion
Armour
 l - a +2 pair of gloves (worn)
 o - a +4 chain mail of fire resistance (worn)
 u - a +0 helmet (worn)
 E - +0 fire dragon scales
 L - the +5 scale mail "Tonykeme" {*Contam rPois Regen+ Int+4}
   (You took it off an orc on level 8 of the Dungeon)

   It affects your intelligence (+4).
   It protects you from poison.
   It causes magical contamination when unequipped.
   It increases your rate of regeneration.
 P - a +0 cloak (worn)
Jewellery
 a - an uncursed ring of ice
 k - a ring of poison resistance (left hand)
 z - an uncursed amulet of rage
 K - an uncursed ring of flight
 O - a ring of positive energy (right hand)
Wands
 F - a wand of iceblast (25)
 G - a wand of disintegration (11)
 I - a wand of flame (24)
 M - a wand of enslavement (20)
 R - a wand of paralysis (8)
 V - a wand of clouds (9)
Scrolls
 d - 4 scrolls of remove curse
 g - 4 scrolls of blinking {unknown}
 j - 5 scrolls of amnesia {unknown}
 n - 3 scrolls of enchant weapon {unknown}
 p - 3 scrolls of enchant armour {unknown}
 q - a scroll of fear {unknown}
 r - 2 scrolls of noise {unknown}
 y - 4 scrolls of teleportation
 B - 4 scrolls of fog {unknown}
 C - a scroll of random uselessness {unknown}
 H - a scroll of holy word {unknown}
 Q - a scroll of magic mapping
 T - 2 scrolls of immolation {unknown}
Potions
 b - 3 potions of flight
 c - a potion of magic
 f - 2 potions of invisibility
 h - 3 potions of brilliance
 s - 2 potions of might
 t - a potion of agility
 w - 2 potions of heal wounds
 A - 2 potions of resistance
 D - 4 potions of lignification
 N - a potion of ambrosia {unknown}
 S - a potion of berserk rage {unknown}
 U - a potion of curing
Comestibles
 v - 9 rations


   Skills:
 - Level 10.0 Fighting
 * Level 14.2 Axes
 - Level 3.0 Throwing
 - Level 10.1 Armour
 - Level 1.7 Dodging


You had 11 spell levels left.
You didn't know any spells.
Your spell library was empty.

Dungeon Overview and Level Annotations

Branches:
Dungeon (11/15)            Temple (1/1) D:5            Lair (2/6) D:11
    Orc (2/2) D:11
  Swamp: Lair:2-4    Shoals: Lair:2-4     Snake: Lair:2-4    Spider: Lair:2-4
    Elf: Orc:2

Altars:
Ashenzari
Cheibriados
Dithmenos
Elyvilon
Fedhas
Gozag
Hepliaklqana
Kikubaaqudgha
Makhleb
Nemelex Xobeh
Okawaru
Qazlal
Ru
Sif Muna
Trog
Uskayaw
Vehumet
Wu Jian
Xom
Yredelemnul
Zin
The Shining One

Shops:
D:5 :?   D:9 !   Orc:2 !

Annotations:
D:6 3 runed doors, Cykl0x's ghost, novice DDFi; Cykl0x's ghost, novice DsFi; Gaplan's ghost, novice MiGl; NoAnimeNoLife's ghost, amateur DsFi; NoAnimeNoLife's ghost, novice DsFi
D:7 exclusion: 2 downstairs
Orc:2 Nessos


Innate Abilities, Weirdness & Mutations

You have sharp toenails.
You are mostly covered in iridescent scales. (AC +4)
A weak demonic guardian rushes to your aid.
You sometimes gain a little power by taking damage.
You are frail. (-10% HP)


Message History

The black mamba bites you.
* * * LOW HITPOINT WARNING * * *
The water moccasin bites you but does no damage.
The spiny frog stings your iron imp!
Your iron imp dies!
The black mamba bites you but does no damage.
The spiny frog stings you but does no damage.
The water moccasin barely misses you. The black mamba closely misses you.
The black mamba bites you but does no damage.
Your surroundings suddenly seem different.
The black mamba closely misses you.
There is a stone staircase leading up here.
The black mamba bites you but does no damage.
The spiny frog stings you!
* * * LOW HITPOINT WARNING * * *
You climb upwards.
Your summoned ally is left behind.
There is a stone staircase leading down here.
The spiny frog stings you.
You die...

##..# ####.###........# #...
#...# #.###........# #.##
####..# ##..####..#...# #.#
#.##..#####.............# ##.##
#.....[.................###..##
#.###..##.P..##..##.###........
##.#
#######..##...#..#...###.##
#P.########....#S.#..#...####.#
##.............@F.#....#......#
#...######..........#..#######
##...# #.###..###.#.##
#..#.#### #.####.# ###.# ###
##......###.P##..#####.### #.!
###.##......>...........## ##)
##.######..###.#.#####=.# ##.
#...###.#.## #[### ##..####..
###.........# #.# #.........


You could see a black mamba and a spiny frog.

Vanquished Creatures
  Gastronok (Lair:1)
  Fannar (Orc:1)
  Harold (D:7)
  Erica (D:11)
  3 two-headed ogres
  Pikel (D:8)
  An ugly thing (D:11)
  A salamander (Volcano)
  A centaur zombie (D:10)
  Psyche (D:9)
  A gargoyle (D:11)
  A spiny frog (Lair:1)
  A rime drake (Lair:1)
  A queen bee (D:10)
  3 trolls
  3 blink frogs (Lair:1)
  A hippogriff (D:10)
  2 wyverns
  2 fire bats (Volcano)
  17 yaks
  Grum (D:8)
  2 hungry ghosts
  An acid dragon (D:8)
  2 wargs
  2 hell hounds (Volcano)
  3 water moccasins
  7 orc warriors
  A hornet zombie (D:11)
  An ice beast (D:5)
  A black bear (D:11)
  A necrophage (D:8)
  3 sky beasts
  3 phantoms
  9 ogres
  9 wolves
  5 centaurs
  4 crocodiles
  2 big kobolds
  6 bullfrogs
  3 scorpions
  19 killer bees
  12 wights
  7 howler monkeys
  5 electric eels (D:8)
  4 crimson imps
  4 bullfrog zombies
  2 quasits
  3 jellies
  2 bullfrog skeletons (D:10)
  12 orc priests
  A hound (D:4)
  3 centaur skeletons
  Jessica (D:3)
  3 iguanas
  8 orc wizards
  3 worker ants
  A hound zombie (D:10)
  A howler monkey skeleton (D:9)
  8 gnolls
  17 adders
  A shadow imp (D:9)
  An ooze (D:5)
  An adder zombie (D:6)
  2 adder skeletons (D:4)
  2 worms
  2 dart slugs (D:2)
  5 leopard geckos
  39 orcs
  2 giant cockroaches
  9 goblins
  6 hobgoblins
  7 jackals
  16 kobolds
  3 quokkas
  A ball python (D:6)
  6 bats
  4 frilled lizards
  A jackal skeleton (D:6)
  A leopard gecko skeleton (D:4)
  9 rats
344 creatures vanquished.

Vanquished Creatures (collateral kills)
  A two-headed ogre (Volcano)
  A salamander (Volcano)
  2 centaur zombies
  A hippogriff (Lair:1)
  A yak (D:11)
  An orc warrior (D:8)
  A phantom (D:8)
  2 centaurs
  A bullfrog (D:6)
  A scorpion (D:3)
  A killer bee (D:10)
  A wight (D:7)
  An orc wizard (D:6)
  A hound skeleton (D:4)
  4 orcs
  A quokka (D:9)
  A goblin (D:11)
22 creatures vanquished.

Vanquished Creatures (others)
  A wizard (D:4)
  Maurice (D:9)
  2 slaves (D:8)
  A water moccasin skeleton (D:10)
  A killer bee (D:11)
  An orc priest (D:8)
  A centaur skeleton (D:10)
  An iguana (D:8)
  An orc (Orc:1)
  2 plants
12 creatures vanquished.

Grand Total: 378 creatures vanquished

Notes
Turn   | Place    | Note
-------+----------+-------------------------------------------
     0 | D:1      | Kohma the Demonspawn Berserker began the quest for the Orb.
     0 | D:1      | Reached XP level 1. HP: 18/18 MP: 1/1
   214 | D:1      | Gained mutation: A weak demonic guardian rushes to your
                  | aid. [demonic ancestry]
   214 | D:1      | Reached XP level 2. HP: 8/24 MP: 2/2
   215 | D:1      | Reached skill level 3 in Axes
  1122 | D:2      | Found a blossoming altar of Fedhas.
  1188 | D:2      | Reached ** piety under Trog
  1188 | D:2      | Gained mutation: You are partially covered in iridescent
                  | scales. (AC +2) [demonic ancestry]
  1188 | D:2      | Reached XP level 3. HP: 27/29 MP: 3/3
  1225 | D:2      | Found a shadowy altar of Dithmenos.
  1225 | D:2      | Found a glowing golden altar of the Shining One.
  1248 | D:2      | Found a hide-covered altar of Uskayaw.
  1251 | D:2      | Noticed a hand axe
  1251 | D:2      | Noticed a dagger
  1424 | D:1      | Reached skill level 1 in Throwing
  1746 | D:2      | Noticed a sky beast
  1758 | D:2      | Killed a sky beast
  1758 | D:2      | Gained mutation: You sometimes gain a little power by
                  | taking damage. [demonic ancestry]
  1758 | D:2      | Reached XP level 4. HP: 19/36 MP: 4/4
  1767 | D:2      | Found a bloodstained altar of Trog.
  1991 | D:2      | Reached XP level 5. HP: 39/41 MP: 5/5
  2216 | D:2      | Reached skill level 4 in Axes
  2261 | D:3      | Found an iron altar of Okawaru.
  2797 | D:3      | Noticed Jessica
  2802 | D:3      | Killed Jessica
  2919 | D:3      | Gained mutation: You have sharp toenails. [demonic
                  | ancestry]
  2919 | D:3      | Reached XP level 6. HP: 13/48 MP: 6/6
  3429 | D:4      | Found a bloodstained altar of Trog.
  3430 | D:4      | Noticed a wizard
  3436 | D:4      | Killed a wizard
  3791 | D:4      | Reached skill level 5 in Axes
  3815 | D:4      | Gained mutation: You are mostly covered in iridescent
                  | scales. (AC +4) [demonic ancestry]
  3815 | D:4      | Reached XP level 7. HP: 43/55 MP: 7/7
  4087 | D:5      | Entered Level 5 of the Dungeon
  4125 | D:5      | Reached *** piety under Trog
  4198 | D:5      | Found Zereng's Book Shop.
  4222 | D:5      | Found Onolul's Magic Scroll Shop.
  4225 | D:5      | Bought a scroll of teleportation for 39 gold pieces
  4225 | D:5      | Bought a scroll of magic mapping for 45 gold pieces
  4225 | D:5      | Bought a scroll of identify for 26 gold pieces
  4225 | D:5      | Bought a scroll of identify for 26 gold pieces
  4368 | D:5      | Noticed a hungry ghost
  4397 | D:5      | Killed a hungry ghost
  4518 | D:5      | Found a sacrificial altar of Ru.
  4551 | D:5      | Reached skill level 5 in Fighting
  4552 | D:5      | Found a staircase to the Ecumenical Temple.
  4562 | Temple   | Entered the Ecumenical Temple
  4843 | D:5      | Reached skill level 6 in Axes
  5273 | D:5      | Reached XP level 8. HP: 62/62 MP: 8/8
  5374 | D:6      | Found a runed gate.
  5377 | D:6      | Found a runed gate.
  5408 | D:6      | Found a runed gate.
  5409 | D:6      | Noticed NoAnimeNoLife's ghost (novice DsFi)
  5409 | D:6      | Noticed Gaplan's ghost (novice MiGl)
  5409 | D:6      | Noticed Cykl0x's ghost (novice DDFi)
  5410 | D:6      | Noticed Cykl0x's ghost (novice DsFi)
  5410 | D:6      | Noticed NoAnimeNoLife's ghost (amateur DsFi)
  5465 | D:6      | Got a polished hand axe
  5466 | D:6      | Identified the cursed +1 hand axe "Pupuos" {drain, Dex+3}
                  | (You found it on level 6 of the Dungeon)
  5492 | D:6      | Reached **** piety under Trog
  5601 | D:6      | Reached skill level 7 in Axes
  6033 | D:7      | Reached skill level 5 in Armour
  6318 | D:7      | Reached XP level 9. HP: 65/70 MP: 9/9
  6598 | D:7      | Reached skill level 8 in Axes
  6696 | D:7      | Noticed Harold
  6723 | D:7      | Killed Harold
  6918 | D:8      | Found a sparkling altar of Nemelex Xobeh.
  6919 | D:8      | Noticed Grum
  7503 | D:8      | Got an ichor-stained scale mail
  7528 | D:7      | Reached skill level 9 in Axes
  7776 | D:8      | Killed Grum
  8395 | D:8      | Identified the +5 scale mail "Tonykeme" {*Contam rPois
                  | Regen+ Int+4} (You took it off an orc on level 8 of the
                  | Dungeon)
  8409 | D:8      | Reached XP level 10. HP: 79/79 MP: 10/10
  8429 | D:8      | Noticed Pikel
  8440 | D:8      | Killed Pikel
  8690 | D:8      | Reached skill level 10 in Axes
  9023 | D:9      | Reached ***** piety under Trog
  9129 | D:9      | Noticed Psyche
  9138 | D:9      | Killed Psyche
  9213 | D:9      | Found Ituepres's Distillery.
  9238 | D:9      | Bought a potion of curing for 45 gold pieces
  9238 | D:9      | Bought 2 potions of degeneration for 30 gold pieces
  9285 | D:9      | Noticed Maurice
  9317 | D:9      | Killed Maurice
  9376 | D:9      | Found an ornate altar of the Wu Jian Council.
  9568 | D:10     | Entered Level 10 of the Dungeon
  9586 | D:10     | Received a gift from Trog
  9651 | D:10     | Noticed a two-headed ogre
  9658 | D:10     | Killed a two-headed ogre
  9658 | D:10     | Reached skill level 11 in Axes
  9670 | D:10     | Reached XP level 11. HP: 77/87 MP: 11/11
  9816 | D:10     | Received a gift from Trog
  9956 | D:10     | Found a glowing golden altar of the Shining One.
 10341 | D:11     | Noticed Erica
 10342 | D:11     | Noticed a two-headed ogre
 10342 | D:11     | Noticed a two-headed ogre
 10350 | D:11     | Killed a two-headed ogre
 10427 | D:11     | Found a staircase to the Lair.
 10483 | D:11     | Noticed a red ugly thing
 10487 | D:11     | Killed a red ugly thing
 10590 | D:11     | Found a staircase to the Orcish Mines.
 10595 | D:11     | Reached skill level 12 in Axes
 10707 | D:11     | Killed a two-headed ogre
 10735 | D:11     | Found Yfoif's Food Emporium.
 10738 | D:11     | Bought a ration for 55 gold pieces
 10738 | D:11     | Bought a ration for 55 gold pieces
 10738 | D:11     | Bought a ration for 55 gold pieces
 10738 | D:11     | Bought a ration for 55 gold pieces
 10738 | D:11     | Bought a ration for 55 gold pieces
 10738 | D:11     | Bought a ration for 55 gold pieces
 10834 | D:11     | Killed Erica
 10834 | D:11     | Reached skill level 10 in Fighting
 10918 | D:11     | Reached XP level 12. HP: 97/97 MP: 12/12
 11018 | Orc:1    | Entered Level 1 of the Orcish Mines
 11023 | Orc:1    | Noticed an orc high priest
 11131 | Orc:1    | Received a gift from Trog
 11350 | Orc:1    | Noticed Fannar
 11360 | Orc:1    | Killed Fannar
 11360 | Orc:1    | Reached skill level 13 in Axes
 11612 | Orc:2    | Entered Level 2 of the Orcish Mines
 11612 | Orc:2    | Found Notylats's Distillery.
 11612 | Orc:2    | Noticed Nessos
 11774 | Lair:1   | Entered Level 1 of the Lair of Beasts
 11809 | Lair:1   | Found a dark tunnel.
 11836 | Volcano  | Entered a volcano
 11876 | Volcano  | Gained mutation: You are frail. (-10% HP) [mutagenic glow]
 11915 | Volcano  | Noticed a two-headed ogre
 11919 | Volcano  | Killed a two-headed ogre
 12440 | Lair:1   | Noticed Gastronok
 12450 | Lair:1   | Killed Gastronok
 12450 | Lair:1   | Reached skill level 10 in Armour
 12647 | Lair:1   | Reached skill level 14 in Axes
 13155 | Lair:1   | Slain by a spiny frog

Skill      XL: |  1  2  3  4  5  6  7  8  9 10 11 12 |
---------------+-------------------------------------+-----
Armour         | 2 3 4 5 6 7 9 10 | 10.1
Axes           | 3 4 5 6 7 9 11 12 14 | 14.2
Throwing       | 1 2 3 |  3.0
Fighting       | 4 5 6 7 8 10 | 10.0
Dodging        | |  1.7

Action                   |  1- 3 |  4- 6 |  7- 9 | 10-12 || total
-------------------------+-------+-------+-------+-------++-------
Melee: Hand axe          |   139 |   176 |   424 |       ||   739
       Kick              |       |    29 |   148 |   153 ||   330
       War axe           |       |       |     5 |   205 ||   210
       Battleaxe         |       |       |       |   317 ||   317
Throw: Javelin           |       |     7 |       |     3 ||    10
       Stone             |       |       |       |     4 ||     4
Invok: Trog's Hand       |       |       |       |     1 ||     1
       Brothers in Arms  |       |       |       |     1 ||     1
Evoke: Wand              |       |       |       |     1 ||     1
  Use: Potion            |     1 |     1 |       |     2 ||     4
       Scroll            |       |       |     7 |    10 ||    17
 Stab: Distracted        |       |       |     5 |     5 ||    10
  Eat: Chunk             |     2 |     4 |     7 |    11 ||    24
       Ration            |       |     1 |     5 |     2 ||     8
Armor: Animal skin       |    52 |       |       |       ||    52
       Leather armour    |       |    12 |       |       ||    12
       Scale mail        |       |    63 |   166 |   308 ||   537
       Chain mail        |       |       |    65 |    81 ||   146
       Fire dragon scale |       |       |       |     8 ||     8
Dodge: Dodged            |    91 |    98 |   220 |   329 ||   738
